 Dungeon Crawl Stone Soup version 0.27-a0-1065-ge809cff456 (webtiles) character file.

Game seed: 13496254499136977375

648 Hnefi the Skirmisher (level 7, -14/53 (55) HPs)
             Began as a Demonspawn Berserker on Apr 23, 2021.
             Was a Priest of Trog.
             Demolished by an ogre
             ... wielding a +0 giant club
              (20 damage)
             ... on level 4 of the Dungeon.
             The game lasted 00:20:18 (4739 turns).

Hnefi the Skirmisher (Demonspawn Berserker)         Turns: 4739, Time: 00:20:19

HP:   -14/53 (55)   AC: 16    Str: 20    XL:     7   Next: 27%
MP:   7/7           EV:  8    Int: 14    God:    Trog [***...]
Gold: 241           SH:  0    Dex: 12    Spells: 6/6 levels left

rFire    . . .     SeeInvis +   q - +1 whip (drain)
rCold    . . .     Faith    .   (no shield)
rNeg     . . .     Spirit   .   l - +0 chain mail
rPois    .         Reflect  .   (no helmet)
rElec    .         Harm     .   b - +0 cloak
rCorr    .         Rampage  .   (no gloves)
Will     .....                  (no boots)
Stlth    ..........             (no amulet)
HPRegen  0.17/turn              h - ring of see invisible
MPRegen  0.10/turn              n - +6 ring of intelligence

@: sanguine armoured, lightly drained
A: claws 2, foul stench 1, sanguine armour 1, demonic magic 1
a: Renounce Religion, Berserk, Trog's Hand


You were on level 4 of the Dungeon.
You worshipped Trog.
Trog was most pleased with you.
You visited 1 branch of the dungeon, and saw 4 of its levels.

You collected 241 gold pieces.

Inventory:

Hand Weapons
 i - a +1 vorpal spear
 m - a +2 quarterstaff of chaos
 o - a +2 antimagic flail
 q - a +1 whip of draining (weapon)
Missiles
 f - 6 boomerangs (quivered)
 p - 2 throwing nets
Armour
 b - a +0 cloak (worn)
 l - a +0 chain mail (worn)
Jewellery
 h - a ring of see invisible (left claw)
 n - a +6 ring of intelligence (right claw)
Scrolls
 c - a scroll of fear {unknown}
 e - a scroll of identify
 g - a scroll of teleportation
 j - a scroll of immolation {unknown}
 k - a scroll of enchant weapon {unknown}
Potions
 a - a potion of lignification {unknown}
 d - a potion of invisibility


   Skills:
 + Level 4.7 Fighting
 - Level 4.5 Long Blades
 * Level 0.5 Maces & Flails
 - Level 2.4 Polearms
 - Level 0.8 Throwing
 + Level 4.0 Armour
 + Level 2.5 Dodging
 - Level 0.3 Stealth


You had 6 spell levels left.
You didn't know any spells.
Your spell library contained the following spells:

 Spells                   Type           Power      Damage    Failure   Level
 Sublimation of Blood     Necr           0%         N/A       99%         2
 Ignite Poison            Fire/Tmut/Pois 0%         N/A       100%        3
 Petrify                  Tmut/Erth      0%         N/A       100%        4
 Alistair's Intoxication  Tmut/Pois      0%         N/A       100%        5
 Irradiate                Conj/Tmut      0%         3d13      100%        5
 Eringya's Noxious Bog    Tmut/Pois      0%         N/A       100%        6


Dungeon Overview and Level Annotations

Branches:
Dungeon (4/15)             Temple (0/1) D:4

Altars:
Vehumet


Innate Abilities, Weirdness & Mutations

You have very sharp fingernails.
You may rarely emit foul miasma when damaged in melee.
When seriously injured, your bleeding wounds create armour. (AC +6)
Spells you cast may paralyse adjacent enemies.


Message History

The gnoll hits you with a +0 whip.
You closely miss the gnoll.
The gnoll is heavily wounded.
The gnoll barely misses you. The gnoll hits you with a +0 whip.
Your blood congeals into armour.
You hit the gnoll.
The gnoll is heavily wounded.
The gnoll hits you but does no damage.
You barely miss the gnoll.
The gnoll is heavily wounded.
The gnoll hits you but does no damage. x2
You sock the gnoll!
You kill the gnoll!
Trog accepts your kill.
Your blood armour dries and flakes away.
p - 2 throwing nets
Items here: ))) †.
q - a +1 whip of draining You drop a +0 falchion.
You feel magic returning to you.
You sense an unholy aura.
q - a +1 whip of draining (weapon)
Magic restored.
You see here 8 stones.
There is an escape hatch in the floor here.
You now have 241 gold pieces (gained 12).
a - a fuming emerald potion An ogre comes into view.
It is wielding a +0 giant club.
The ogre shouts!
You hit the ogre.
The ogre is lightly wounded.
The ogre hits you with a +0 giant club!!
Your blood congeals into armour.
You hit the ogre.
The ogre is moderately wounded.
The ogre hits you with a +0 giant club!!
* * * LOW HITPOINT WARNING * * *
You completely miss the ogre.
The ogre is moderately wounded.
The ogre hits you with a +0 giant club!!
You die...

#..........# #
#..........#
..###..........#######
..............>.......
#...........(#######
####.........########.
##......#.)........
#.######.#######.. #@#
#....# #O# ####.## #.#
#..## ..# ###..###.
..# #........ ....
.....##..### ##..
....## ##..## ... ...
##..# .. . ##..


You could see an ogre.

Vanquished Creatures
  2 ogres (D:3)
  A water moccasin skeleton (D:2)
  2 orc priests
  A hound (D:3)
  Crazy Yiuf (D:3)
  2 iguanas
  4 orc wizards
  5 adders
  3 gnolls (D:4)
  2 worms
  2 dart slugs
  12 orcs
  4 endoplasms
  2 giant cockroaches
  7 goblins
  5 hobgoblins
  9 jackals
  3 quokkas
  4 ball pythons
  7 bats
  4 frilled lizards
  3 kobolds
  A rat (D:1)
86 creatures vanquished.

Vanquished Creatures (others)
  6 plants (D:4)
6 creatures vanquished.

Grand Total: 92 creatures vanquished

Notes
Turn   | Place    | Note
-------+----------+-------------------------------------------
     0 | D:1      | Hnefi the Demonspawn Berserker began the quest for the Orb.
     0 | D:1      | Reached XP level 1. HP: 18/18 MP: 1/1
   306 | D:1      | Gained mutation: When seriously injured, your bleeding
                  | wounds create armour. (AC +6) [demonic ancestry]
   306 | D:1      | Reached XP level 2. HP: 15/24 MP: 2/2
   861 | D:1      | Gained mutation: Spells you cast may paralyse adjacent
                  | enemies. [demonic ancestry]
   861 | D:1      | Reached XP level 3. HP: 29/29 MP: 3/3
   887 | D:1      | Reached ** piety under Trog
  1630 | D:2      | Reached XP level 4. HP: 17/37 MP: 4/4
  2135 | D:3      | Gained mutation: You have sharp fingernails. [demonic
                  | ancestry]
  2135 | D:3      | Reached XP level 5. HP: 13/42 MP: 5/5
  2386 | D:3      | Found a radiant altar of Vehumet.
  2577 | D:3      | Found a runed translucent door.
  2578 | D:3      | Noticed Crazy Yiuf
  2638 | D:3      | Noticed an ogre
  2648 | D:3      | Killed an ogre
  2773 | D:3      | Gained mutation: You have very sharp fingernails. [demonic
                  | ancestry]
  2773 | D:3      | Reached XP level 6. HP: 48/48 MP: 6/6
  3379 | D:3      | Killed Crazy Yiuf
  3667 | D:3      | Reached skill level 1 in Polearms
  4327 | D:4      | Reached *** piety under Trog
  4369 | D:4      | Found a staircase to the Ecumenical Temple.
  4402 | D:4      | Gained mutation: You may rarely emit foul miasma when
                  | damaged in melee. [demonic ancestry]
  4402 | D:4      | Reached XP level 7. HP: 31/55 MP: 7/7
  4739 | D:4      | Demolished by an ogre

Illustrated notes

Levels and vault maps discovered:
D:1:      zelgadis_glass_arrival_small, layout_basic
D:2:      layout_loops_ring
D:3:      layout_basic, old_standard_altar, uniq_crazy_yiuf_cottage
D:4:      layout_rooms, minmay_temple_entry_gardened_gates

Skill      XL: |  1  2  3  4  5  6  7 |
---------------+----------------------+-----
Long Blades    | 3 4 |  4.5
Dodging        | 2 |  2.5
Armour         | 2 3 4 |  4.0
Fighting       | 4 |  4.7
Polearms       | 2 |  2.4
Maces & Flails | |  0.5
Throwing       | |  0.8
Stealth        | |  0.3

Action                   |  1- 3 |  4- 6 |  7- 9 || total
-------------------------+-------+-------+-------++-------
Melee: Falchion          |   130 |    93 |       ||   223
       Spear             |       |    89 |    14 ||   103
       Flail             |       |       |    20 ||    20
       Whip              |       |       |     3 ||     3
Throw: Boomerang         |     8 |     9 |       ||    17
Invok: Berserk           |       |     1 |     1 ||     2
       Trog's Hand       |       |       |     1 ||     1
  Use: Potion            |     2 |     1 |       ||     3
       Scroll            |     1 |       |       ||     1
Armor: Animal skin       |    21 |       |       ||    21
       Ring mail         |    28 |    20 |       ||    48
       Chain mail        |       |    72 |    20 ||    92
Dodge: Dodged            |   107 |    84 |    18 ||   209
       Rpst.: Falchion   |    34 |    19 |       ||    53

Table legend: (Time is in decaauts)
 A = Elapsed time spent in this place.
 B = Non-inter-level travel time spent in this place.
 C = Inter-level travel time spent in this place.
 D = Time resting spent in this place.
 E = Time spent auto-exploring this place.
 F = Levels seen in this place.
 G = Mean time per level.
                   A        B        C        D        E       F      G
               +--------+--------+--------+--------+--------+-----+--------+
         Total |   4787 |   4787 |      0 |      2 |   3704 |   4 | 1196.8 |
       Dungeon |   4787 |   4787 |      0 |      2 |   3704 |   4 | 1196.8 |
               +--------+--------+--------+--------+--------+-----+--------+

Top non-repeatable levels by time:
     D:3: 2152 daAuts
     D:1: 1023 daAuts
     D:2: 1006 daAuts
     D:4: 605 daAuts
